 Seeded DCSS version 0.32-a0-999-gfa1cc04b1d (webtiles) character file.

Game seed: 202404244 (custom seed)

111176 Orlauf the Impassioned (level 16, -10/134 HPs)
             Began as a Demonspawn Gladiator on Apr 24, 2024.
             Was a Priest of Uskayaw.
             Mangled by a culicivora (18 damage)
             ... on level 1 of the Spider Nest.
             The game lasted 00:43:42 (24882 turns).

Orlauf the Impassioned (Demonspawn Gladiator)      Turns: 24882, Time: 00:43:43

Health: -10/134    AC: 26    Str: 17    XL:     16   Next: 8%
Magic:  37/37      EV:  7    Int: 11    God:    Uskayaw [***...]
Gold:   3940       SH: 17    Dex: 22    Spells: 15/15 levels left

rFire   + + +        a - +4 trident of Desperation {freeze, rF+}
rCold   + . .        R - +2 tower shield {reflect}
rNeg    + + .        l - +6 scale mail "Kotyxu" {^Drain rF++ Dex+4}
rPois   +            n - +1 helmet {SInv}
rElec   +            F - +2 cloak
rCorr   +            (gloves unavailable)
SInv    +            y - +0 pair of boots
Will    +....        B - amulet "Tiynim" {rElec Regen+ rCorr Str-2 Int+2 Dex+2} Stlth
                     v - ring "Jynog" {rPois rN++ MP+9 Str-2}
HPRegen 1.22/turn    s - ring of Baxah {Fly rElec rF+ rC+ rCorr}
MPRegen 0.25/turn

%: reflection
@: lethally poisoned (-10 -> -10), marked, flying
A: slimy green scales 2, powered by death 1, demonic touch 3
a: Renounce Religion, Stomp, Line Pass


You were on level 1 of the Spider Nest.
You worshipped Uskayaw.
Uskayaw was most pleased with you.
You visited 5 branches of the dungeon, and saw 24 of its levels.
You also visited: Ossuary, Bailey and Gauntlet.

You collected 5371 gold pieces.
You spent 1431 gold pieces at shops.

Inventory:

Hand Weapons
 a - the +4 trident of Desperation (weapon) {freeze, rF+}
   (You bought it in a shop on level 5 of the Dungeon)

   rF+:       It protects you from fire.
 b - the +3 spear of Sistro {flame, rElec rPois Str+4}
   (You found it on level 10 of the Dungeon)

   Str+4:     It affects your strength (+4).
   rElec:     It insulates you from electricity.
   rPois:     It protects you from poison.
 h - a +2 demon whip of venom
 Z - the +9 demon blade of Guny {elec, rElec SInv}
   (You found it in a Gauntlet)

   rElec:     It insulates you from electricity.
   SInv:      It lets you see invisible.
Missiles
 d - 5 throwing nets
 O - 12 curare-tipped darts
Armour
 l - the +6 scale mail "Kotyxu" (worn) {^Drain rF++ Dex+4}
   (You bought it in a shop on level 5 of the Dungeon)

   Dex+4:     It affects your dexterity (+4).
   rF++:      It greatly protects you from fire.
   ^Drain:    It drains your maximum health when unequipped.
 n - a +1 helmet of see invisible (worn)
 y - a +0 pair of boots (worn)
 F - a +2 cloak (worn)
 R - a +2 tower shield of reflection (worn)
Jewellery
 q - the Hermit's Pendant {Faith Invo=14 Evo=0 MP+5}
   (You found it on level 5 of the Dungeon)

   [amulet of faith]

   Invo=14: It sets your Invocations skill to 14.
   Evo=0: It sets your Evocations skill to 0.
   Faith:     It allows you to gain divine favour quickly.
   MP+5:      It affects your magic capacity (+5).
 s - the ring of Baxah (right hand) {Fly rElec rF+ rC+ rCorr}
   (You found it on level 4 of the Dungeon)

   [ring of resist corrosion]

   rF+:       It protects you from fire.
   rC+:       It protects you from cold.
   rElec:     It insulates you from electricity.
   Fly:       It grants you flight.
   rCorr:     It protects you from acid and corrosion.
 v - the ring "Jynog" (left hand) {rPois rN++ MP+9 Str-2}
   (You found it in a Gauntlet)

   [ring of magical power]

   Str-2:     It affects your strength (-2).
   rPois:     It protects you from poison.
   rN++:      It greatly protects you from negative energy.
   MP+9:      It affects your magic capacity (+9).
 B - the amulet "Tiynim" (around neck) {rElec Regen+ rCorr Str-2 Int+2 Dex+2}
   (You found it on level 6 of the Dungeon)

   [amulet of regeneration]

   Str-2:     It affects your strength (-2).
   Int+2:     It affects your intelligence (+2).
   Dex+2:     It affects your dexterity (+2).
   rElec:     It insulates you from electricity.
   Regen+:    It increases your rate of health regeneration.
   rCorr:     It protects you from acid and corrosion.
 P - the amulet "Xigidir" {+Inv rElec RegenMP+ rCorr Dex+3}
   (You found it on level 9 of the Dungeon)

   [amulet of magic regeneration]

   It increases your rate of magic regeneration.
   Dex+3:     It affects your dexterity (+3).
   rElec:     It insulates you from electricity.
   +Inv:      It lets you turn invisible.
   rCorr:     It protects you from acid and corrosion.
   RegenMP+:  It increases your rate of magic regeneration.
 T - a ring of protection from cold
 V - an amulet of reflection
Wands
 i - a wand of flame (50)
 k - a wand of polymorph (23)
 u - a wand of acid (1)
 C - a wand of digging (15)
 J - a wand of roots (15)
 N - a wand of paralysis (14)
Scrolls
 e - 2 scrolls of revelation
 p - 8 scrolls of teleportation
 r - 3 scrolls of fear
 A - 6 scrolls of enchant weapon
 D - a scroll of fog
 H - 2 scrolls of enchant armour
 K - 6 scrolls of identify
 W - a scroll of immolation
 Y - a scroll of brand weapon
Potions
 c - a potion of heal wounds
 f - 3 potions of attraction
 j - 7 potions of curing
 o - 3 potions of haste
 t - 5 potions of magic
 w - a potion of ambrosia
 x - 5 potions of might
 z - a potion of invisibility
 E - 3 potions of brilliance
 G - 2 potions of enlightenment
 I - 3 potions of mutation
 U - a potion of cancellation
Miscellaneous
 L - a tin of tremorstones (2/2)
 M - a lightning rod (1/4) (quivered)
 Q - a Gell's gravitambourine (2/2)
 S - a box of beasts
 X - a phantom mirror


   Skills:
 - Level 14.4 Fighting
 + Level 15.8 Polearms
 - Level 1.7 Throwing
 + Level 12.4 Armour
 - Level 2.6 Dodging
 * Level 4.5 Shields
 + Level 17.2 Invocations


You had 15 spell levels left.
You didn't know any spells.
Your spell library contained the following spells:

 Spells                   Type           Power      Damage    Failure   Level
 Slow                     Hex            0%         N/A       100%        1
 Ensorcelled Hibernation  Hex/Ice        0%         N/A       100%        2
 Call Canine Familiar     Summ           0%         N/A       100%        3
 Confusing Touch          Hex            0%         N/A       100%        3
 Fugue of the Fallen      Necr           0%         N/A       100%        3
 Sigil of Binding         Hex            0%         N/A       100%        3
 Teleport Other           Tloc           0%         N/A       100%        3
 Tukima's Dance           Hex            0%         N/A       100%        3
 Vampiric Draining        Necr           0%         2d6       100%        3
 Anguish                  Hex/Necr       0%         N/A       100%        4
 Dimensional Bullseye     Hex/Tloc       0%         N/A       100%        4
 Passage of Golubria      Tloc           0%         N/A       100%        4
 Summon Lightning Spire   Summ/Air       0%         N/A       100%        4
 Arcjolt                  Conj/Air       0%         1d10      100%        5
 Silence                  Hex/Air        0%         N/A       100%        5
 Yara's Violent Unravell  Hex/Alch       0%         3d3       100%        5
 Dispersal                Tloc           0%         N/A       100%        6
 Gell's Gavotte           Tloc           0%         2d(11-16) 100%        6
 Manifold Assault         Tloc           0%         N/A       100%        7
 Disjunction              Tloc           0%         N/A       100%        8
 Lehudib's Crystal Spear  Conj/Erth      0%         10d2      100%        8
 Maxwell's Capacitive Co  Air            0%         ∞         100%        8


Dungeon Overview and Level Annotations

Branches:
Dungeon (15/15)            Temple (1/1) D:5            Lair (5/5) D:8
 Shoals (0/4) Lair:2       Spider (1/4) Lair:2        Slime (0/5) Lair:5
    Orc (2/2) D:12            Elf (0/3) Orc:2        Vaults (0/5) D:13
 Depths (0/4) D:15        Ossuary (visited)          Bailey (visited)
Gauntlet (visited)

Altars:
Ashenzari
Cheibriados
Dithmenos
Fedhas
Gozag
Hepliaklqana
Kikubaaqudgha
Makhleb
Nemelex Xobeh
Okawaru
Qazlal
Ru
Sif Muna
Trog
Uskayaw
Vehumet
Wu Jian
Xom
Yredelemnul
Beogh
Jiyva

Shops:
D:5 !(([[[   D:14 ?   Orc:2 =:([

Annotations:
D:6 1 runed translucent door, hikkokomori's ghost, amateur MDWr


Innate Abilities, Weirdness & Mutations

You are mostly covered in slimy green scales. (AC +3)
You regenerate a little health from kills.
Your touch may irresistibly damage your foes and sap their willpower.


Message History

Uskayaw will force your foes to helplessly watch your dance.
Uskayaw prepares the audience for your solo!
The helpless spark wasp fails to defend itself.
You hit the spark wasp. You freeze the spark wasp.
The spark wasp is heavily wounded.
You feel very sick.
Unknown command.
The helpless wolf spider fails to defend itself.
You hit the wolf spider. You freeze the wolf spider.
The wolf spider is heavily wounded.
You feel sick.
The jumping spider is no longer paralysed.
The jumping spider pounces on you but does no damage.
The jumping spider bites you but does no damage.
A jumping spider comes into view.
The jumping spider pounces on you.
* * * LOW HITPOINT WARNING * * *
The jumping spider bites you but does no damage.
The helpless wolf spider fails to defend itself.
You impale the wolf spider!! You freeze the wolf spider.
The wolf spider is almost dead.
You feel sick.
The spark wasp is no longer paralysed.
The torpor snail is no longer paralysed.
The wolf spider is no longer paralysed.
The wolf spider closely misses you. You block the wolf spider's attack.
You block the spark wasp's attack.
The jumping spider leaps!
The wolf spider hits you but does no damage.
You block the wolf spider's attack. You block the spark wasp's attack.
A culicivora comes into view.
The jumping spider leaps!
The wolf spider hits you but does no damage.
The wolf spider barely misses you.
Blink to where?
Press: ? - help, Dir - move target, p - spark wasp A tarantella comes into view.
As you read the scroll of blinking, it crumbles to dust.
You feel yourself speed up.
You feel sick. The culicivora bites you!!
You die...
Your body falls in perfect tune with the rhythm.

###### ####### ###
##....#####.....####^..#
#.......##°.......s.[.##
#....s..>.@s.....y.w...#
#....##^..s.......#....#
#.....##..###....##
....# #.....##### ##..##
..## #......## #s## ##
##......## ### ##......#
#......## ###...#####


You could see a spark wasp, a culicivora, a jumping spider and a tarantella.

Vanquished Creatures
  Mlioglotl (Spider:1)
  Gastronok (D:10)
  Frances (Spider:1)
  A balrug (Orc:1)
  A minotaur (Gauntlet)
  A mummy priest (D:14)
  An ettin (Orc:2)
  2 entropy weavers
  Erolcha (D:12)
  A great orb of eyes (D:15)
  A fire dragon (D:14)
  5 vault guards
  2 rakshasas (D:15)
  3 hydras
  A death knight (D:10)
  4 centaur warriors
  3 boulder beetles
  4 ogre magi
  3 tengu warriors
  8 two-headed ogres
  Sonja (Lair:3)
  A skyshark (Lair:5)
  Lodul (D:10)
  2 necromancers (D:13)
  An arcanist (D:13)
  A sun moth (Spider:1)
  A harpy (Lair:2)
  2 lightning spires (Gauntlet)
  8 orc knights (Orc:2)
  An obsidian bat (Orc:1)
  A lindwurm (Lair:3)
  6 oklob plants
  A wolf spider (Spider:1)
  3 deep elf pyromancers
  4 manticores
  10 ugly things
  2 orc sorcerers
  Maurice (D:7)
  2 kobold blastminers (Orc:1)
  4 cyclopes
  4 elephants (Lair:2)
  A torpor snail (Lair:2)
  7 black mambas
  5 cane toads
  An unseen horror (D:12)
  A yaktaur (D:13)
  11 komodo dragons
  A kobold demonologist (D:9)
  A tengu conjurer (D:13)
  4 guardian mummies (D:14)
  2 efreet
  A merfolk (D:9)
  7 trolls
  6 hornets (Lair:5)
  Prince Ribbit (Bailey)
  A jumping spider (Lair:2)
  5 tarantellas
  A raiju (Gauntlet)
  4 polar bears
  2 tyrant leeches (Spider:1)
  A snapping turtle (shapeshifter) (D:15)
  11 blink frogs
  4 dream sheep (Lair:5)
  16 slime creatures
  A culicivora (Spider:1)
  67 yaks
  A wraith (D:14)
  3 wyverns
  12 spriggans (Lair:5)
  23 humans
  10 wargs (Orc:2)
  A yak (shapeshifter) (D:13)
  6 vampire mosquitoes
  3 basilisks
  2 steam dragons
  12 redbacks
  Menkaure (D:14)
  10 water moccasins
  3 acid dragons
  An ice beast (D:5)
  34 orc warriors
  A sky beast (D:7)
  5 black bears (Lair:5)
  8 laughing skulls
  15 ogres
  23 wolves
  17 centaurs
  7 boggarts
  2 phantoms
  13 kobold brigands
  A gnoll sergeant (D:9)
  A scorpion (shapeshifter) (D:14)
  23 bullfrogs
  3 scorpions
  2 burial acolytes (Ossuary)
  35 wights
  15 killer bees
  An electric eel (Lair:2)
  2 howler monkeys
  2 gnoll boudas (D:8)
  16 orc priests
  A bombardier beetle (D:5)
  2 hounds
  A jelly (D:6)
  2 sleepcaps (D:5)
  Ijyb (D:4)
  4 iguanas
  23 orc wizards
  4 mummies (D:14)
  8 adders
  23 gnolls
  A white imp (D:5)
  2 adder skeletons (Ossuary)
  2 ribbon worms
  3 dart slugs
  86 orcs
  11 ball pythons
  4 bats
  7 endoplasms
  2 giant cockroaches
  10 goblins
  7 hobgoblins
  6 jackals (D:3)
  5 quokkas
  2 ball python skeletons (Ossuary)
  3 frilled lizards
  A hobgoblin skeleton (Ossuary)
  19 kobolds
  2 kobold skeletons (Ossuary)
  2 orc skeletons (Ossuary)
  7 rats
829 creatures vanquished.

Vanquished Creatures (others)
  2 starspawn tentacles (Spider:1)
2 creatures vanquished.

Grand Total: 831 creatures vanquished

Notes
Turn   | Place    | Note
-------+----------+-------------------------------------------
     0 | D:1      | Orlauf the Demonspawn Gladiator began the quest for the
                  | Orb.
     0 | D:1      | Reached XP level 1. HP: 16/16 MP: 1/1
    64 | D:1      | Gained mutation: You are partially covered in slimy green
                  | scales. (AC +2) [demonic ancestry]
    64 | D:1      | Reached XP level 2. HP: 21/22 MP: 2/2
    79 | D:1      | You fall into a shaft and drop 1 floor!
   714 | D:2      | Reached XP level 3. HP: 20/28 MP: 3/3
  1190 | D:2      | Reached XP level 4. HP: 22/35 MP: 4/4
  2336 | D:4      | Noticed Ijyb
  2451 | D:4      | Killed Ijyb
  2452 | D:4      | Gained mutation: Your touch may inflict minor irresistible
                  | damage on your foes. [demonic ancestry]
  2452 | D:4      | Reached XP level 5. HP: 41/41 MP: 5/5
  2586 | D:4      | Identified the ring of Baxah {Fly rElec rF+ rC+ rCorr}
  2735 | D:4      | Reached skill level 5 in Polearms
  3001 | D:4      | Found a radiant altar of Vehumet.
  3003 | D:4      | Identified a scroll of acquirement
  3003 | D:4      | Acquired 1044 gold pieces
  3056 | D:5      | Entered Level 5 of the Dungeon
  3056 | D:5      | Found Zykanwink's Armour Emporium.
  3056 | D:5      | Found Yjuubbo's Antique Armour Boutique.
  3073 | D:5      | Bought a spiked scale mail for 216 gold pieces
  3073 | D:5      | Identified the +6 scale mail "Kotyxu" {^Drain rF++ Dex+4}
                  | (You bought it in a shop on level 5 of the Dungeon)
  3093 | D:5      | Reached XP level 6. HP: 48/48 MP: 6/6
  3232 | D:5      | Found the Hermit's Pendant {Faith Invo=14 Evo=0 MP+5}
  3235 | D:5      | Noticed a water moccasin
  3272 | D:5      | Killed a water moccasin
  3284 | D:5      | Reached XP level 7. HP: 22/55 MP: 7/7
  3423 | D:5      | Found a staircase to the Ecumenical Temple.
  3432 | Temple   | Entered the Ecumenical Temple
  3435 | Temple   | Became a worshipper of Uskayaw the Reveller
  3617 | D:5      | Reached * piety under Uskayaw
  3618 | D:5      | Reached ** piety under Uskayaw
  3619 | D:5      | Reached skill level 1 in Invocations
  3698 | D:5      | Found Faysh's Antique Weapon Boutique.
  3702 | D:5      | Bought an ancient trident for 255 gold pieces
  3702 | D:5      | Identified the +4 trident of Desperation {freeze, rF+} (You
                  | bought it in a shop on level 5 of the Dungeon)
  3746 | D:5      | Reached skill level 5 in Fighting
  3749 | D:5      | Reached *** piety under Uskayaw
  3870 | D:5      | Found Jaroheu's Distillery.
  3878 | D:5      | Bought a potion of haste for 150 gold pieces
  3878 | D:5      | Bought a potion of ambrosia for 120 gold pieces
  3878 | D:5      | Bought a potion of might for 60 gold pieces
  3878 | D:5      | Bought a potion of invisibility for 120 gold pieces
  3918 | D:5      | Reached skill level 2 in Invocations
  3924 | D:5      | Reached **** piety under Uskayaw
  4001 | D:5      | Found Wejiobit's Antique Weapon Shoppe.
  4033 | D:5      | Reached skill level 3 in Invocations
  4064 | D:5      | Found Yruan's Antique Armour Boutique.
  4067 | D:5      | Bought a pair of boots for 103 gold pieces
  4288 | D:6      | Identified the amulet "Tiynim" {rElec Regen+ rCorr Str-2
                  | Int+2 Dex+2}
  4391 | D:6      | Reached XP level 8. HP: 63/63 MP: 18/18
  4395 | D:6      | Reached ***** piety under Uskayaw
  4402 | D:6      | Reached ****** piety under Uskayaw
  4462 | D:6      | Reached skill level 4 in Invocations
  4472 | D:6      | Found a runed translucent door.
  4473 | D:6      | Noticed hikkokomori's ghost (amateur MDWr)
  4949 | D:7      | Reached skill level 5 in Invocations
  4980 | D:7      | Reached XP level 9. HP: 63/71 MP: 19/19
  5151 | D:7      | Noticed Maurice
  5157 | D:7      | Maurice stole the amulet "Tiynim" {rElec Regen+ rCorr Str-2
                  | Int+2 Dex+2}
  5159 | D:7      | Maurice stole a +2 spear of venom
  5165 | D:7      | Killed Maurice
  5166 | D:7      | Reached skill level 6 in Invocations
  5232 | D:7      | Found a sand-covered staircase.
  5238 | Ossuary  | Entered an ossuary
  6042 | Ossuary  | Reached skill level 7 in Invocations
  6890 | D:8      | Found a stormy altar of Qazlal.
  6891 | D:8      | Reached skill level 10 in Polearms
  6949 | D:8      | Found a burning altar of Makhleb.
  6979 | D:8      | Gained mutation: You are mostly covered in slimy green
                  | scales. (AC +3) [demonic ancestry]
  6979 | D:8      | Reached XP level 10. HP: 60/80 MP: 20/20
  7009 | D:8      | Found a staircase to the Lair.
  7024 | D:8      | Reached skill level 8 in Invocations
  7105 | D:8      | Found a flagged portal.
  7138 | Bailey   | Entered a bailey
  7191 | Bailey   | Reached skill level 9 in Invocations
  7370 | Bailey   | Noticed Prince Ribbit
  7384 | Bailey   | Killed Prince Ribbit
  7390 | Bailey   | Noticed a vault guard
  7405 | Bailey   | Killed a vault guard
  7479 | Bailey   | Noticed a vault guard
  7504 | Bailey   | Killed a vault guard
  7505 | Bailey   | Gained mutation: Your touch may inflict irresistible damage
                  | on your foes. [demonic ancestry]
  7505 | Bailey   | Reached XP level 11. HP: 65/89 MP: 21/21
  7599 | Bailey   | Identified the +3 robe "Gistysih" {Rampage rF++ Dex-5
                  | Stlth+}
  7998 | D:9      | Reached skill level 10 in Invocations
  8629 | D:9      | Identified the amulet "Xigidir" {+Inv rElec RegenMP+ rCorr
                  | Dex+3}
  9103 | D:10     | Entered Level 10 of the Dungeon
  9111 | D:10     | Found an iron altar of Okawaru.
  9159 | D:10     | Identified the +3 spear of Sistro {flame, rElec rPois
                  | Str+4}
  9295 | D:10     | Noticed a two-headed ogre
  9301 | D:10     | Killed a two-headed ogre
  9304 | D:10     | Noticed Gastronok
  9327 | D:10     | Killed Gastronok
  9328 | D:10     | Reached skill level 11 in Invocations
  9411 | D:10     | Noticed a death knight
  9446 | D:10     | Killed a death knight
  9447 | D:10     | Reached skill level 10 in Fighting
  9699 | D:10     | Identified the +6 hand axe of the Jumping Soothsayer
                  | {heavy, +Blink rN+ Str-2}
  9752 | D:10     | Noticed Lodul
  9771 | D:10     | Killed Lodul
  9772 | D:10     | Reached skill level 1 in Armour
 10032 | D:10     | Acquired 512 gold pieces
 10087 | D:11     | Gained mutation: Your touch may irresistibly damage your
                  | foes and sap their willpower. [demonic ancestry]
 10087 | D:11     | Reached XP level 12. HP: 36/98 MP: 22/22
 10811 | D:11     | Reached skill level 12 in Invocations
 11107 | D:12     | Noticed Erolcha
 11130 | D:12     | Killed Erolcha
 11131 | D:12     | HP: 1/100 [slime creature (8)]
 11354 | D:12     | Found a stormy altar of Qazlal.
 11667 | D:12     | Found a staircase to the Orcish Mines.
 11689 | D:12     | Acquired 608 gold pieces
 11735 | D:12     | Found a roughly hewn altar of Beogh.
 12099 | Lair:1   | Entered Level 1 of the Lair of Beasts
 12658 | Lair:1   | Reached skill level 13 in Invocations
 13007 | Lair:1   | Reached skill level 5 in Armour
 13296 | Lair:1   | Identified the +4 mace "Cugulute" {speed, rElec Dex+5}
 13546 | Lair:2   | Reached XP level 13. HP: 108/108 MP: 23/23
 13655 | Lair:2   | Found a staircase to the Shoals.
 13960 | Lair:2   | Found a hole to the Spider Nest.
 14641 | Lair:3   | Noticed Sonja
 14646 | Lair:3   | Killed Sonja
 15530 | Lair:4   | Reached skill level 14 in Invocations
 15953 | Lair:4   | Acquired 389 gold pieces
 16319 | Lair:5   | Entered Level 5 of the Lair of Beasts
 16519 | Lair:5   | Reached XP level 14. HP: 26/118 MP: 24/24
 16970 | Lair:5   | Found a basalt altar of Yredelemnul.
 17530 | Lair:5   | Found a viscous altar of Jiyva.
 17532 | Lair:5   | Found a staircase to the Slime Pits.
 17780 | Lair:5   | Reached skill level 15 in Invocations
 18429 | Orc:1    | Entered Level 1 of the Orcish Mines
 18708 | Orc:2    | Entered Level 2 of the Orcish Mines
 19012 | Orc:2    | Found a staircase to the Elven Halls.
 19203 | Orc:2    | Reached skill level 10 in Armour
 19456 | Orc:2    | Found Ykesih's Jewellery Shop.
 19460 | Orc:2    | Found a roughly hewn altar of Beogh.
 19475 | Orc:2    | Found Ymaxoyni's Book Boutique.
 19499 | Orc:2    | Bought a ring of see invisible for 255 gold pieces
 19527 | Orc:2    | Found Puotheiz's Weapon Shop.
 19561 | Orc:2    | Reached skill level 15 in Polearms
 19564 | Orc:2    | Paralysed by something for 5 turns
 19675 | Orc:2    | Found Xirimuv's Armour Boutique.
 19695 | Orc:2    | Paralysed by something for 5 turns
 19982 | Orc:1    | Found a runed translucent door.
 19985 | Orc:1    | Noticed a balrug
 20343 | Orc:1    | Killed a balrug
 20491 | D:13     | Gained mutation: You regenerate a little health from kills.
                  | [demonic ancestry]
 20491 | D:13     | Reached XP level 15. HP: 121/125 MP: 26/26
 20968 | D:13     | Reached skill level 16 in Invocations
 21193 | D:13     | Found a gate to the Vaults.
 21213 | D:13     | HP: 5/117 [necromancer/bolt of negative energy (49)]
 21214 | D:13     | HP: 2/117 [human (2)]
 21364 | D:13     | Identified the +0 cloak "Koas" {Int+3 Slay-6 Stlth+}
 21559 | D:14     | Found a bloodstained altar of Trog.
 21599 | D:14     | Identified the +0 ring mail "Finkuxot" {Fly rCorr Stlth-}
 21854 | D:14     | Noticed Menkaure
 21856 | D:14     | Killed Menkaure
 22398 | D:14     | Found Hiygiok's Magic Scroll Shoppe.
 22401 | D:14     | Bought a scroll of brand weapon for 152 gold pieces
 22595 | D:15     | Entered Level 15 of the Dungeon
 22629 | D:15     | Found a gate leading to a gauntlet.
 22635 | Gauntlet | Entered a Gauntlet
 22635 | Gauntlet | Found a transporter.
 22635 | Gauntlet | Found a transporter.
 22636 | Gauntlet | Found a transporter.
 22639 | Gauntlet | Found a transporter.
 22639 | Gauntlet | Found a transporter.
 22672 | Gauntlet | Found a transporter.
 22678 | Gauntlet | Found a transporter.
 22702 | Gauntlet | Found a transporter.
 22710 | Gauntlet | Found a transporter.
 22718 | Gauntlet | Found a transporter.
 22744 | Gauntlet | Found a transporter.
 22821 | Gauntlet | Found a transporter.
 22981 | Gauntlet | Identified the +9 demon blade of Guny {elec, rElec SInv}
 22988 | Gauntlet | Identified the ring "Jynog" {rPois rN++ MP+9 Str-2}
 23407 | D:15     | Found a shimmering blue altar of Sif Muna.
 23459 | D:15     | Reached skill level 1 in Shields
 24372 | D:15     | Found a staircase to the Depths.
 24653 | Spider:1 | Entered Level 1 of the Spider Nest
 24660 | Spider:1 | Reached skill level 17 in Invocations
 24680 | Spider:1 | Noticed Mlioglotl
 24682 | Spider:1 | Noticed a bone dragon
 24689 | Spider:1 | Noticed Frances
 24693 | Spider:1 | Noticed a tentacled starspawn
 24783 | Spider:1 | Noticed a bone dragon
 24795 | Spider:1 | Killed Mlioglotl
 24796 | Spider:1 | Reached XP level 16. HP: 126/134 MP: 28/28
 24803 | Spider:1 | Killed Frances
 24882 | Spider:1 | Mangled by a culicivora

Illustrated notes

Levels and vault maps discovered:
D:1:      pf_arrival_petrified_forest, layout_rooms,
          chequers_serial_rivers_micro_e
D:2:      layout_loops_ring
D:3:      layout_loops_corners
D:4:      layout_rooms, lemuel_coloured_pillars_altar, uniq_ijyb
D:5:      layout_gridville, minmay_temple_entry_poolview, serial_shops, shop,
          shop, shop, nicolae_shop_real_fake_doors, nicolae_wooded_promenade,
          st_stairs_3, chequers_serial_rivers_marsh, guppyfry_early_lair_pool
D:6:      layout_gridville, hellmonk_ghost_happy_afterlife,
          dreamdust_mushroom_princess, serial_library_hellmonk_hallway_a
D:7:      layout_loops_corners, nicolae_ossuary_entry_plus, uniq_maurice
D:8:      layout_rooms, lemuel_tele_altar, lemuel_crystal_altar, enter_bailey_2
D:9:      layout_basic, special_room [special_room_kobold], roadster_trireme
D:10:     layout_basic, kennysheep_okawaru_gauntlet, uniq_lodul, uniq_gastronok
D:11:     layout_small_grid, grunt_ministairs_11, hangedman_decor_lopped
D:12:     layout_basic, minmay_orc_entry_temple_small, serial_aquarium,
          aquarium_bridge_straight [aquarium_subvault_bridge,
          aquarium_subvault_wall, aquarium_subvault_bridge,
          aquarium_subvault_balcony], aquarium_bridge_long_joined
          [aquarium_subvault_wall, aquarium_subvault_window,
          aquarium_subvault_wall, aquarium_subvault_bridge,
          aquarium_subvault_bridge, aquarium_subvault_wall], aquarium_window_2,
          aquarium_window_fake, aquarium_view_2d, aquarium_pool_side,
          nicolae_qazlal_eye_of_the_storm, uniq_erolcha
D:13:     layout_loops_cross, grunt_vaults_entry_tiered,
          hangedman_abyss_or_decor_slice
D:14:     ragdoll_tomb_raider, layout_irregular_city, serial_park_avenue1,
          serial_shops, kennysheep_mini_moat, trog_butcher_becter
D:15:     gammafunk_enter_depths_forms, layout_basic, hangedman_decor_points,
          gauntlet_entry_generic, nicolae_sif_muna_little_library
Temple:   dpeg_three_leaves_temple
Lair:1:   layout_layer_cave, minmay_lair_oklob_items
Lair:2:   layout_chaotic_city, nicolae_shoals_entry_roost,
          spider_nest_entry_web_field, serial_bayou, serial_bayou_pond_c,
          serial_bayou_shore_a, serial_bayou_pond_a, serial_bayou_crossing,
          chequers_serial_rivers_small_b, infiniplex_staircase_pool
Lair:3:   layout_cave_pods, grunt_megastairs_4, uniq_sonja
Lair:4:   layout_misc_corridors, chequers_serial_rivers_small_b, st_stairs_13
Lair:5:   minmay_lair_end_enchanted_forest, layout_big_grid,
          minmay_slime_entry_oklob_enclosed, minivault_24, lemuel_oklob_altar,
          grunt_megastairs_1
Spider:1: layout_spider_delve, gammafunk_ghost_mausoleum,
          nicolae_spider_swamp_cousins, uniq_mlioglotl, uniq_frances
Orc:1:    dreamdust_dug_too_deep, layout_caves,
          regret_index_minedec_shroomtown_chain
Orc:2:    st_orc_town, layout_caves

Skill      XL: |  1  2  3  4  5  6  7  8  9 10 11 12 13 14 15 |
---------------+----------------------------------------------+-----
Polearms       | 3 4 5 6 7 8 10 11 13 14 15 | 15.8
Fighting       | 3 4 5 6 7 9 10 12 13 14 | 14.4
Invocations    | 3 5 7 9 11 13 14 15 17 | 17.2
Armour         | 1 5 8 10 12 | 12.4
Shields        | 4 |  4.5
Throwing       | |  1.7
Dodging        | |  2.6

Action                     |  1- 3 |  4- 6 |  7- 9 | 10-12 | 13-15 | 16-18 || total
---------------------------+-------+-------+-------+-------+-------+-------++-------
  Melee: Trident           |   120 |   176 |   253 |   716 |  1564 |    55 ||  2884
         Unarmed           |       |     5 |       |       |       |       ||     5
         Touch             |       |    16 |    35 |   118 |   227 |       ||   396
  Throw: Throwing net      |       |       |       |     3 |     1 |       ||     4
 Invoke: Grand Finale      |       |       |     1 |     1 |     3 |       ||     5
  Evoke: Wand              |       |       |     4 |     4 |    14 |       ||    22
         Box of beasts     |       |       |       |     1 |       |       ||     1
         Gell's gravitambo |       |       |       |       |     1 |       ||     1
         Lightning rod     |       |       |       |       |     4 |       ||     4
    Use: Scroll            |     3 |    10 |     9 |     5 |    10 |     1 ||    38
         Potion            |       |       |     1 |     4 |    10 |       ||    15
   Stab: Sleeping          |     1 |       |       |       |       |       ||     1
         Paralysed         |       |       |    29 |    87 |   184 |     6 ||   306
         Held in net/web   |       |       |       |     4 |     1 |       ||     5
         Invisible         |       |       |       |       |     2 |     6 ||     8
         Petrified         |       |       |       |       |     2 |       ||     2
 Armour: Chain mail        |    77 |   105 |       |       |       |       ||   182
         Leather armour    |     1 |       |       |       |       |       ||     1
         Skin              |       |    11 |       |       |       |       ||    11
         Scale mail        |       |    48 |   131 |   423 |   859 |    63 ||  1524
  Dodge: Dodged            |    26 |    73 |    85 |   189 |   380 |    19 ||   772
  Block: Tower shield      |       |       |       |       |   195 |    78 ||   273
         Reflection        |       |       |       |       |    12 |       ||    12

Table legend: (Time is in decaauts)
 A = Elapsed time spent in this place.
 B = Non-inter-level travel time spent in this place.
 C = Inter-level travel time spent in this place.
 D = Time resting spent in this place.
 E = Time spent auto-exploring this place.
 F = Levels seen in this place.
 G = Mean time per level.
                   A        B        C        D        E       F      G
               +--------+--------+--------+--------+--------+-----+--------+
         Total |  24061 |  22720 |   1341 |   2610 |  15233 |  27 |  891.1 |
       Dungeon |  13834 |  12982 |    852 |   1097 |   9173 |  15 |  922.3 |
        Temple |      6 |      3 |      3 |      0 |      0 |   1 |    6.0 |
          Lair |   6139 |   5767 |    372 |    362 |   4614 |   5 | 1227.8 |
   Spider Nest |    131 |    131 |      0 |      0 |     16 |   1 |  131.0 |
  Orcish Mines |   1826 |   1714 |    112 |    205 |   1017 |   2 |  913.0 |
       Ossuary |   1046 |   1046 |      0 |    694 |    151 |   1 | 1046.0 |
        Bailey |    467 |    467 |      0 |    121 |    191 |   1 |  467.0 |
      Gauntlet |    609 |    609 |      0 |    130 |     70 |   1 |  609.0 |
               +--------+--------+--------+--------+--------+-----+--------+

Top non-repeatable levels by time:
  Lair:5: 1820 daAuts
  Lair:1: 1472 daAuts
    D:15: 1212 daAuts
    D:12: 1166 daAuts
     D:9: 1139 daAuts
   Orc:2: 1101 daAuts
     D:5: 1086 daAuts
    D:10: 1083 daAuts
     D:3: 1065 daAuts
 Ossuary: 1046 daAuts
  Lair:3: 1042 daAuts
    D:14: 1021 daAuts
  Lair:2: 1018 daAuts
    D:13: 936 daAuts
     D:7: 883 daAuts
